Map: Whirlwind LE (Void)

Players

LiquidSnute (Snute) - Winner!

  • Race: Zerg Zerg
  • League: Grandmaster
  • Spawn Location: 1:00

DIMAGA

  • Race: Zerg Zerg
  • League: Grandmaster
  • Spawn Location: 5:00

Event: NationWars IV

VOD

Have the link to the VOD?

Description

Time

  • Played on: Dec. 22, 2016, 4:35 p.m.
  • Length: 8:44
Show
View Real Time Build Order
Export as new Build Order

LiquidSnute Zerg - Winner!

Build Orders: Hatch First 

Get SALT Encoding   

  12  0:00  Drone  
  13  0:12  Overlord  
  13  0:16  Drone  
  14  0:30  Drone x2  
  14  0:34  Drone  
  17  0:51  Hatchery  
  17  0:54  Drone  
  17  0:57  Drone  
  17  0:59  Extractor  
  17  1:12  Spawning Pool  
  17  1:15  Drone  
  17  1:18  Drone  
  18  1:27  Drone  
  19  1:38  Overlord  
  19  1:49  Drone  
  20  1:58  Queen  
  20  1:59  Metabolic Boost  
  22  2:02  Queen  
  22  2:03  Drone  
  22  2:05  Zergling x2  
  26  2:10  Zergling x2  
  26  2:13  Zergling x2  
  28  2:21  Zergling x2  
  29  2:29  Baneling Nest  
  28  2:30  Zergling x2  
  28  2:34  Queen  
  28  2:36  Overlord  
  31  2:40  Zergling x2  
  32  2:52  Overlord  
  32  2:54  Zergling x4  
  34  3:00  Zergling x2  
  34  3:05  Zergling x2  
  36  3:07  Drone x2  
  36  3:08  Drone x2  
  40  3:14  Baneling x2  
  40  3:17  Drone x2  
  42  3:32  Zergling x8  
  45  3:36  Baneling x2  
  45  3:41  Zergling x10  
  47  3:56  Drone x4  
  47  4:01  Drone  
  46  4:12  Hatchery  
  46  4:14  Drone x2  
  47  4:18  Baneling x2  
  47  4:21  Drone  
  48  4:24  Overlord  
  48  4:27  Drone  
  48  4:29  Drone  
  50  4:32  Drone  
  50  4:34  Drone  
  51  4:43  Drone  
  51  4:44  Drone x5  
  56  5:00  Overlord, Drone x2  
  56  5:07  Overlord  
  56  5:12  Zergling x8  
  56  5:18  Roach Warren  
  52  5:23  Extractor  
  52  5:24  Drone  
  52  5:26  Zergling x6  
  55  5:32  Baneling  
  55  5:35  Zergling x2  
  56  5:45  Zergling x10  
  56  5:47  Overlord  
  56  5:49  Drone x4  
  65  5:52  Lair  
  65  5:53  Drone  
  65  5:54  Extractor, Evolution Chamber  
  65  5:56  Extractor  
  63  5:59  Drone x2  
  63  6:00  Drone  
  65  6:10  Roach x4  
  73  6:12  Roach  
  73  6:14  Roach  
  73  6:17  Overlord  
  76  6:21  Roach x3  
  76  6:24  Overlord  
  76  6:25  Overlord  
  82  6:32  Zerg Missile Weapons Level 1  
  82  6:37  Roach  
  82  6:38  Roach x3  
  80  6:45  Roach x3  
  84  6:51  Zergling x12  
  90  6:54  Glial Reconstitution  
  90  7:01  Drone x4  
  93  7:02  Drone  
  93  7:04  Extractor  
  94  7:09  Overlord, Ravager x2  
  94  7:10  Overlord  
  94  7:12  Roach x2  
  94  7:13  Overlord  
  94  7:15  Roach  
  102  7:18  Drone  
  102  7:21  Roach  
  102  7:22  Overlord x2  
  105  7:26  Overlord  
  105  7:32  Roach x2  
  105  7:33  Ravager  
  105  7:34  Ravager  
  111  7:38  Roach x2  
  115  7:45  Roach x4  
  115  7:51  Roach x2  
  127  7:57  Roach  
  127  7:58  Roach x3  
  135  8:05  Roach x3  
  142  8:13  Roach x2  
  142  8:24  Roach x5  
  142  8:25  Roach x2  
Show
View Real Time Build Order
Export as new Build Order

DIMAGA Zerg 

Build Orders: Hatch First 

Get SALT Encoding   

  12  0:01  Drone  
  13  0:12  Overlord  
  13  0:16  Drone  
  14  0:30  Drone x2  
  14  0:34  Drone  
  17  0:51  Hatchery  
  17  0:54  Drone  
  17  0:56  Drone  
  18  1:08  Extractor  
  17  1:11  Spawning Pool  
  17  1:14  Drone  
  17  1:17  Drone  
  18  1:27  Drone  
  19  1:37  Overlord  
  19  1:58  Queen  
  19  1:59  Zergling x2  
  19  2:00  Zergling x2  
  23  2:03  Drone, Queen  
  26  2:09  Metabolic Boost  
  26  2:10  Drone  
  27  2:17  Drone  
  28  2:23  Drone  
  28  2:27  Drone  
  30  2:34  Drone  
  31  2:41  Hatchery  
  30  2:44  Zergling x2  
  30  2:46  Overlord  
  31  2:54  Zergling x2  
  31  2:55  Zergling x2  
  33  3:01  Zergling x2  
  34  3:07  Baneling Nest  
  34  3:08  Zergling x4  
  34  3:09  Zergling x6  
  38  3:21  Overlord  
  38  3:22  Zergling x4  
  39  3:29  Queen  
  41  3:36  Zergling x2  
  41  3:37  Zergling x4  
  41  3:41  Zergling x4  
  45  3:42  Zergling x4  
  45  3:47  Zergling x6  
  51  3:52  Baneling x2  
  48  3:56  Zergling x2  
  40  4:03  Zergling x2  
  36  4:11  Drone x2  
  36  4:13  Baneling  
  36  4:16  Drone  
  39  4:26  Drone x5  
  39  4:27  Hatchery  
  43  4:38  Zergling x2  
  44  4:39  Overlord  
  44  4:42  Roach Warren  
  41  4:59  Zergling x6  
  44  5:06  Zergling x2  
  41  5:22  Overlord x2  
  41  5:23  Roach x5  
  41  5:25  Overlord  
  41  5:27  Extractor x2  
  49  5:36  Evolution Chamber  
  49  5:38  Overlord  
  48  5:48  Drone  
  48  5:49  Drone x5  
  50  5:55  Zergling x16  
  58  6:04  Drone x2  
  58  6:06  Baneling  
  58  6:07  Baneling  
  60  6:12  Extractor  
  57  6:21  Roach  
  57  6:22  Roach x3  
  65  6:38  Roach x4  
  70  6:41  Ravager x4  
  70  6:46  Roach x3  
  70  6:47  Zergling x2  
  79  7:01  Roach x2, Overlord  
  83  7:02  Zergling x4  
  85  7:11  Ravager  
  85  7:12  Zergling x2  
  87  7:21  Overlord  
  87  7:24  Ravager  
  87  7:25  Zergling x16  
  96  7:31  Overlord  
  96  7:32  Zergling x2  
  97  7:40  Ravager x2  
  97  7:41  Zergling x8  
  104  7:51  Ravager  
  104  7:52  Zergling x8  
  108  8:00  Zergling x2  
  108  8:02  Zergling x8  
  113  8:07  Overlord  
  104  8:21  Zergling x2  
  104  8:22  Zergling x14  
Tags
 
Add a new tag
Caveats
  • Supply blocks, unpowered buildings, or Contaminate may cause inaccurate times.
  • Supply counts are checked every 10 seconds.